Map: Void Training Stage 2

Players

BPN - Winner!

  • Race: Zerg Zerg
  • Spawn Location: 3:00

Player 2

  • Race: Protoss Protoss
  • Spawn Location: 7:00

VOD

Have the link to the VOD?

Description

Time

  • Played on: June 28, 2018, 11:34 p.m.
  • Length: 39:18
Show
View Real Time Build Order
Export as new Build Order

BPN Zerg - Winner!

Build Orders: Pool First 

Get SALT Encoding   

  12  0:08  Extractor  
  11  0:16  Overlord  
  11  0:17  Drone  
  12  0:25  Drone  
  13  0:33  Overlord  
  13  0:46  Drone  
  14  0:56  Drone  
  15  1:15  Spawning Pool  
  15  1:18  Overlord  
  14  1:19  Drone  
  15  1:33  Drone  
  16  1:53  Drone  
  16  1:54  Drone  
  18  2:03  Queen  
  18  2:07  Zergling x2  
  18  2:08  Zergling x2  
  22  2:29  Drone x2  
  24  2:38  Queen  
  26  2:44  Roach Warren  
  25  2:57  Zergling x4  
  27  3:14  Pneumatized Carapace  
  27  3:38  Overlord  
  27  3:39  Zergling x8  
  29  5:01  Roach  
  29  5:02  Roach x2  
  35  5:53  Zergling x2  
  36  5:58  Overlord  
  36  6:00  Zergling x4  
  36  6:01  Roach  
  40  6:45  Drone x2  
  42  6:49  Overlord  
  42  6:52  Roach x2  
  42  6:53  Zergling x2  
  47  7:09  Hatchery  
  46  7:20  Extractor  
  41  7:59  Drone  
  42  8:08  Lair  
  42  8:30  Queen  
  44  8:36  Metabolic Boost  
  44  8:46  Zergling x2, Roach  
  44  8:47  Zergling x2  
  48  8:54  Drone x3  
  51  9:13  Overlord  
  51  9:14  Drone x2  
  53  9:25  Spine Crawler  
  52  9:35  Spine Crawler  
  51  9:44  Zergling x2  
  51  9:45  Zergling x6, Roach  
  55  9:46  Roach  
  59  10:01  Glial Reconstitution  
  59  10:06  Hydralisk Den  
  58  10:32  Drone  
  59  10:39  Grooved Spines  
  59  10:47  Hydralisk x3  
  59  10:48  Hydralisk x3  
  71  11:09  Baneling Nest  
  70  11:20  Tunneling Claws  
  70  11:21  Overlord x2  
  70  11:24  Hydralisk x2  
  74  11:33  Zergling x2  
  74  11:36  Overlord  
  77  11:40  Zergling x4  
  74  13:09  Lair  
  74  13:15  Hydralisk  
  74  13:16  Hydralisk x2  
  80  13:35  Zergling x2  
  80  13:36  Zergling x10  
  86  14:00  Baneling  
  86  14:01  Baneling x2  
  86  14:02  Baneling x8  
  86  14:39  Drone x2, Overlord  
  86  14:41  Drone  
  86  14:45  Drone  
  90  14:46  Drone  
  86  15:33  Extractor  
  85  15:38  Extractor  
  82  16:18  Lurker Den  
  81  16:33  Spine Crawler  
  80  16:48  Nydus Network  
  79  16:56  Hydralisk x4  
  79  16:57  Hydralisk x6  
  99  17:43  Overlord x3  
  99  18:04  Lurker x3  
  99  18:05  Lurker x4  
  106  19:58  Hatchery  
  89  21:08  Overlord  
  89  21:10  Drone x3  
  92  21:17  Drone  
  93  21:37  Roach  
  93  21:38  Roach x5  
  105  21:51  Infestation Pit  
  104  22:15  Ravager x6  
  110  22:21  Zergling x8  
  114  22:30  Swarm Host x8  
  138  22:39  Overlord x2  
  138  22:56  Hive  
  138  23:27  Hydralisk x5  
  138  23:28  Hydralisk  
  140  24:02  Evolution Chamber  
  139  24:41  Zerg Melee Weapons Level 1  
  139  24:56  Ultralisk Cavern  
  138  25:10  Zergling x4  
  138  25:11  Roach  
  142  25:20  Roach x3  
  148  25:39  Overlord x2  
  148  25:45  Chitinous Plating  
  148  26:35  Zerg Missile Weapons Level 1  
  148  27:24  Overseer  
  130  27:46  Ultralisk x3  
  130  27:47  Ultralisk x3  
  130  27:50  Overlord  
  164  28:09  Overlord  
  164  28:10  Overlord x2  
  164  28:29  Zerg Ground Armor Level 1  
  164  29:01  Extractor  
  163  29:05  Extractor  
  162  29:16  Roach x3  
  168  29:24  Roach x3  
  168  29:28  Ultralisk  
  168  29:29  Ultralisk  
  186  29:36  Ultralisk  
  192  29:50  Ravager  
  193  30:02  Ravager  
  194  30:29  Ravager  
  195  31:06  Ravager x3  
  195  31:07  Ravager  
  199  31:55  Zerg Melee Weapons Level 2  
  199  33:05  Nydus Canal  
  199  33:53  Nydus Canal  
  199  34:11  Zerg Missile Weapons Level 2  
  181  36:11  Hydralisk, Roach  
Show
View Real Time Build Order
Export as new Build Order

Player 2 Protoss 

Build Orders:  

Get SALT Encoding   

  12  0:00  Probe  
  13  0:13  Probe  
  14  0:22  Pylon  
  14  0:25  Probe  
  15  0:36  Probe  
  16  0:45  Assimilator  
  16  0:51  Gateway  
  16  0:55  Pylon  
  16  1:18  Assimilator  
  16  1:29  Zealot  
  18  1:41  Cybernetics Core  
  18  2:09  Pylon  
  18  2:10  Probe  
  19  2:18  Warp Gate  
  19  2:19  Probe  
  19  2:20  Adept  
  21  2:29  Probe  
  23  2:41  Probe  
  24  2:51  Stalker  
  24  2:53  Probe  
  27  3:01  Probe  
  28  3:22  Stalker  
  30  3:49  Adept  
  32  6:17  Probe  
  32  6:49  Probe, Stalker  
  32  6:51  Pylon  
  35  6:55  Nexus  
  35  7:09  Probe  
  35  7:11  Robotics Facility  
  35  7:14  Stalker  
  38  7:16  Pylon  
  38  7:21  Probe  
  29  7:38  Sentry  
  31  7:55  Observer  
  31  8:02  Stalker  
  34  8:09  Probe  
  34  8:11  Observer  
  35  8:13  Probe  
  35  8:16  Assimilator  
  35  8:18  Assimilator  
  37  8:21  Probe  
  37  8:25  Probe  
  37  8:26  Zealot  
  41  8:33  Probe  
  42  8:37  Probe  
  43  8:45  Probe  
  44  8:49  Probe  
  44  8:51  Stalker  
  47  8:57  Probe  
  47  9:01  Probe  
  49  9:06  Probe  
  50  9:11  Probe  
  50  9:14  Probe  
  50  9:15  Adept  
  53  9:19  Probe  
  53  9:23  Probe  
  55  9:28  Probe  
  56  9:35  Probe  
  58  9:40  Probe  
  59  9:47  Probe  
  59  9:52  Probe  
  62  10:00  Probe  
  62  11:54  Adept  
  62  11:55  Observer  
  62  11:56  Gateway  
  62  11:59  Forge  
  65  12:02  Robotics Bay  
  65  12:12  Protoss Ground Weapons Level 1  
  65  12:22  Pylon  
  65  12:33  Zealot  
  53  12:46  Immortal  
  53  12:49  Observer Gravitic Boosters  
  57  12:57  Gateway  
  57  13:02  Adept  
  59  13:16  Adept  
  61  13:30  Nexus  
  61  13:31  Adept  
  63  13:48  Protoss Ground Armor Level 1  
  63  14:44  Probe  
  64  14:48  Probe  
  62  14:52  Probe  
  62  14:57  Probe  
  62  15:01  Probe  
  62  15:05  Probe  
  64  15:09  Assimilator  
  64  15:10  Probe  
  66  15:14  Probe  
  66  15:18  Probe  
  67  15:24  Assimilator  
  67  15:25  Stalker  
  67  15:28  Twilight Council  
  69  15:29  Pylon  
  69  15:39  Stalker  
  71  15:44  Protoss Ground Weapons Level 2  
  71  15:53  Sentry  
  59  16:06  Immortal  
  63  16:20  Zealot  
  63  16:22  Templar Archives  
  65  16:36  Immortal  
  69  17:01  High Templar  
  71  17:14  High Templar  
  73  17:30  Archon, High Templar  
  73  17:35  Protoss Ground Armor Level 2  
  75  17:44  High Templar  
  77  17:59  Archon  
  77  18:00  High Templar  
  79  18:13  High Templar  
  81  19:37  Stalker  
  83  19:46  Zealot  
  83  19:50  Nexus  
  85  19:55  Stalker  
  87  20:03  Pylon, Stalker  
  89  20:12  Stalker  
  85  20:21  Zealot  
  65  20:29  Stalker  
  67  20:38  Sentry  
  69  20:45  Immortal  
  69  20:47  Stalker  
  75  21:27  Assimilator  
  75  21:44  Assimilator  
  75  23:07  Sentry  
  77  23:19  High Templar  
  79  23:31  High Templar  
  63  23:42  Stalker  
  61  23:54  Zealot  
  63  24:05  Stalker  
  65  24:17  Zealot  
  67  24:29  Sentry  
  69  24:40  Stalker  
  69  24:45  Immortal  
  75  25:03  Archon, High Templar  
  77  25:15  High Templar  
  79  25:31  Archon  
  79  26:06  Nexus  
  79  27:04  Adept  
  81  27:12  Adept  
  83  27:21  Adept  
  85  27:26  Assimilator  
  85  27:33  Stalker  
  79  27:41  Zealot  
  79  27:42  Assimilator  
  69  27:50  Zealot  
  65  27:59  Stalker  
  67  28:07  Stalker  
  69  28:16  Sentry  
  69  28:17  Immortal  
  75  30:29  Zealot  
  77  30:38  Zealot  
  79  30:47  Stalker  
  81  30:52  Observer  
  81  30:55  Stalker  
  69  31:04  Sentry  
  63  31:12  Zealot  
  65  31:21  Zealot  
  67  31:30  Sentry  
  69  31:38  Stalker  
  71  31:47  Stalker  
  73  31:55  Stalker  
  75  32:40  Nexus  
  75  34:01  Assimilator  
  75  34:10  Adept  
  77  34:18  Adept  
  77  34:19  Assimilator  
  77  34:22  Immortal  
  79  34:25  Adept  
  81  34:46  Stalker  
  65  34:53  Stalker  
  67  35:00  Zealot  
  69  35:07  Stalker  
  71  35:15  Zealot  
  73  35:22  Sentry  
  75  35:36  Stalker  
  75  35:44  Adept  
  55  35:57  Pylon  
  53  36:11  Probe  
  53  36:38  Pylon  
  53  36:42  Pylon  
  53  36:45  Pylon  
  50  37:01  Gateway  
  43  37:18  Pylon  
  42  37:39  Pylon  
  41  37:56  Pylon  
  41  37:58  Probe  
  26  38:00  Pylon  
  20  38:06  Probe  
  21  38:14  Probe  
  22  38:21  Pylon  
  22  38:25  Probe  
  23  38:37  Probe  
  24  38:41  Pylon  
Tags
 
Add a new tag
Caveats
  • Supply blocks, unpowered buildings, or Contaminate may cause inaccurate times.
  • Supply counts are checked every 10 seconds.